 Dungeon Crawl Stone Soup version 0.26.1-11-gd32895ea62 (webtiles) character file.

Game seed: 7329009452589886275

240099 Exodus22XD the Severer (level 19, 0/187 HPs)
             Began as a Hill Orc Monk on May 9, 2021.
             Was the Champion of Beogh.
             Killed from afar by Margery (13 damage)
             ... with a bolt of fire
             ... on level 2 of the Vaults on June 6, 2021.
             The game lasted 03:31:01 (45883 turns).

Exodus22XD the Severer (Hill Orc Monk)             Turns: 45883, Time: 03:31:01

Health: 0/187      AC: 26    Str: 27    XL:     19   Next: 31%
Magic:  31/31      EV: 11    Int: 14    God:    Beogh [******]
Gold:   2420       SH:  0    Dex: 19    Spells: 18/18 levels left

rFire    . . .     SeeInvis .   q - +0 broad axe (freeze)
rCold    + + .     Faith    .   w - +0 kite shield
rNeg     + . .     Spirit   .   t - +2 chain mail {Will+}
rPois    +         Reflect  +   i - +2 hat of Fortification {Dex+6}
rElec    .         Harm     .   J - +0 cloak
rCorr    .         Rampage  .   V - +0 pair of gloves of Spite {Str+5}
Will     ++...     Clarity  +   b - -1 pair of boots of Birdsong {rN+ Int+4}
Stlth    ..........             C - amulet "Akewkiuf" {Reflect rC+ Int+2 SH+5}
HPRegen  0.41/turn              U - +4 ring of protection
MPRegen  0.22/turn              r - ring "Peameuw" {rPois rC+}

@: confused, very slightly contaminated, invisible
A: walk on water, clarity, dopey 1, robust 1
}: 2/15 runes: serpentine, barnacled
a: Renounce Religion, Smiting, Recall Orcish Followers, Give Item to Named
Follower, Resurrection


You were on level 2 of the Vaults.
You worshipped Beogh.
Beogh was exalted by your worship.
You visited 6 branches of the dungeon, and saw 33 of its levels.
You also visited: Volcano.

You collected 4646 gold pieces.
You spent 2226 gold pieces at shops.

Inventory:

Hand Weapons
 p - the +6 whip "Lupuokh" {pain, rPois Will++ Str+3 Int-5}
   (You found it on level 1 of the Lair of Beasts)

   In the hands of one skilled in necromantic magic, it inflicts extra damage on
   living creatures.
   It affects your strength (+3).
   It affects your intelligence (-5).
   It protects you from poison.
   It affects your willpower, your defense against some magical effects.
 q - a +0 broad axe of freezing (weapon)
 D - the +4 trident "Ynodeubrud" {vorpal, *Noise rF+ Dex+4}
   (You took it off a merfolk javelineer on level 1 of the Shoals)

   It inflicts extra damage upon your enemies.
   It affects your dexterity (+4).
   It protects you from fire.
   It may make noises in combat.
 O - a +2 trident of flaming
 Q - the cursed +1 great sword of Voqishax {vorpal, +Rage Will- Str+8 Stlth-}
   (You found it on level 6 of the Lair of Beasts)

   It inflicts extra damage upon your enemies.
   It affects your strength (+8).
   It affects your willpower, your defense against some magical effects.
   It lets you go berserk.
   It makes you less stealthy.
   It has a curse placed upon it.
Armour
 b - the -1 pair of boots of Birdsong (worn) {rN+ Int+4}
   (You acquired it on level 5 of the Lair of Beasts)

   It affects your intelligence (+4).
   It protects you from negative energy.
 i - the +2 hat of Fortification (worn) {Dex+6}
   (You found it on level 1 of the Shoals)

   It affects your dexterity (+6).
 t - a +2 chain mail of willpower (worn)
 w - a +0 kite shield (worn)
 J - a +0 cloak (worn)
 V - the +0 pair of gloves of Spite (worn) {Str+5}
   (You bought it in a shop on level 1 of the Snake Pit)

   It affects your strength (+5).
Jewellery
 r - the ring "Peameuw" (right hand) {rPois rC+}
   (You bought it in a shop on level 1 of the Orcish Mines)

   [ring of protection from cold]

   It protects you from cold.
   It protects you from poison.
 B - an uncursed ring of resist corrosion
 C - the amulet "Akewkiuf" (around neck) {Reflect rC+ Int+2 SH+5}
   (You acquired it on level 15 of the Dungeon)

   [amulet of reflection]

   It shields you and reflects attacks.
   It affects your intelligence (+2).
   It protects you from cold.
   It affects your SH (+5).
 S - an uncursed ring of protection from fire
 U - a +4 ring of protection (left hand)
Wands
 e - a wand of iceblast (17)
 Y - a wand of acid (20)
 Z - a wand of digging (10)
Scrolls
 c - 2 scrolls of vulnerability
 d - 9 scrolls of enchant weapon
 h - 17 scrolls of remove curse
 j - 5 scrolls of immolation
 k - a scroll of holy word
 l - 4 scrolls of silence
 o - 3 scrolls of fear
 s - a scroll of fog
 u - 13 scrolls of teleportation
 v - 4 scrolls of magic mapping
 x - 7 scrolls of blinking
 y - 7 scrolls of enchant armour
 E - 2 scrolls of torment
 G - 6 scrolls of identify
 L - a scroll of brand weapon
 X - 4 scrolls of summoning
Potions
 f - 4 potions of flight
 g - 6 potions of mutation
 n - 5 potions of cancellation
 z - 2 potions of magic
 A - 2 potions of haste
 F - a potion of berserk rage
 K - 3 potions of resistance
 P - 4 potions of curing
 R - 4 potions of lignification
 W - 2 potions of might
Miscellaneous
 m - a phantom mirror


   Skills:
 + Level 15.5 Fighting
 + Level 20.0 Axes
 + Level 1.5(11.8) Maces & Flails
 * Level 16.8 Armour
 - Level 2.4 Dodging
 - Level 1.5 Stealth
 * Level 18.9 Shields
 * Level 16.2 Invocations
 - Level 0.8 Evocations


You had 18 spell levels left.
You didn't know any spells.
Your spell library contained the following spells:

 Spells                   Type           Power        Failure   Level
 Beastly Appendage        Tmut           0%           67%         1
 Corona                   Hex            0%           67%         1
 Magic Dart               Conj           0%           67%         1
 Sting                    Tmut/Pois      0%           67%         1
 Summon Small Mammal      Summ           0%           67%         1
 Blink                    Tloc           N/A          82%         2
 Call Imp                 Summ           0%           82%         2
 Slow                     Hex            0%           82%         2
 Wereblood                Tmut           0%           82%         2
 Call Canine Familiar     Summ           0%           96%         3
 Conjure Flame            Conj/Fire      0%           96%         3
 Gell's Gravitas          Tloc           0%           96%         3
 Inner Flame              Hex/Fire       0%           96%         3
 Lesser Beckoning         Tloc           0%           96%         3
 Mephitic Cloud           Conj/Pois/Air  0%           96%         3
 Portal Projectile        Hex/Tloc       0%           96%         3
 Spider Form              Tmut/Pois      0%           96%         3
 Summon Guardian Golem    Hex/Summ       0%           96%         3
 Teleport Other           Tloc           0%           96%         3
 Cause Fear               Hex            0%           100%        4
 Ice Form                 Ice/Tmut       0%           100%        4
 Leda's Liquefaction      Hex/Erth       0%           100%        4
 Passage of Golubria      Tloc           N/A          100%        4
 Summon Ice Beast         Ice/Summ       0%           100%        4
 Summon Lightning Spire   Summ/Air       0%           100%        4
 Alistair's Intoxication  Tmut/Pois      0%           100%        5
 Blade Hands              Tmut           0%           100%        5
 Fireball                 Conj/Fire      0%           100%        5
 Starburst                Conj/Fire      0%           100%        6
 Shatter                  Erth           0%           100%        9


Dungeon Overview and Level Annotations

Branches:
Dungeon (15/15)            Temple (0/1) D:7            Lair (6/6) D:10
 Shoals (4/4) Lair:4        Snake (4/4) Lair:4        Slime (0/5) Lair:5
    Orc (2/2) D:11            Elf (0/3) Orc:2        Vaults (2/5) D:14
 Depths (0/5) D:15        Volcano (visited)
  Crypt: Vaults:2-3

Altars:
Elyvilon
Hepliaklqana
Makhleb
Nemelex Xobeh
Trog
Wu Jian
Xom
Zin
The Shining One
Beogh

Shops:
D:7 :   D:13 =   Orc:1 (=   Orc:2 }?:*   Shoals:1 :   Snake:1 [([   Snake:2 (
Vaults:1 *

Annotations:
Lair:1 exclusion: 2 oklob plants
Lair:5 1 runed translucent door, Darubir's ghost, journeyman CeAM
Vaults:2 Margery


Innate Abilities, Weirdness & Mutations

You can walk on water.
You possess an exceptional clarity of mind.
You are dopey. (Int -2)
You are robust. (+10% HP)


Message History

The hell knight shouts!
You hear a shout!
You are very lightly contaminated with residual magic.
Margery says, "Die!"
The hell knight hits your vault sentinel but does no damage.
The hell knight hits your cyclops with a +5 battleaxe!
The hell knight hits your ironbrand convoker with a +5 battleaxe.
Your ironbrand convoker dies!
Your ironbrand convoker's corpse dissolves into shadows!
Ognian hits the boulder beetle but does no damage.
The skeletal warrior hits your vault sentinel with a +0 flail!!
Your vault sentinel dies!
Your vault sentinel's corpse dissolves into shadows!
Your cyclops closely misses the hell knight.
Something hits your orc warrior but does no damage.
You are confused.
You feel invigorated.
Margery points at you and mumbles some strange words.
The bolt of fire hits the hell knight.
The hell knight completely resists.
The bolt of fire hits you!
You die...

#..# #..#'##'# #..#
##'##o.#.. #..#
#...'o.'.> #..#
#.<.####.. #..#
##### ### #..# #..#
#..#
############@.######
.........oz(........
........zCp.........
......).)†Bo...).[..
.....))o@zC)........
....)o).)).)........
####p#############..
#. .. .p


You could see Margery, a boulder beetle, an orc knight, a hell knight
(wandering, fast), 3 skeletal warriors, a cyclops, the friendly Ognian the orc
high priest, a friendly cyclops (summoned) and 2 friendly orc warriors.

Vanquished Creatures
  The ghost of Woutahasch the Severer, a journeyman HOFi of Okawaru (Shoals:1)
  2 nagarajas (Snake:4)
  A vault warden (Vaults:1)
  A deep elf sorcerer (Vaults:1)
  An ironheart preserver (Vaults:1)
  A stone giant (Orc:2)
  A deep elf demonologist (Vaults:1)
  An ettin (D:15)
  4 merfolk impalers
  A deep elf death mage (Vaults:1)
  2 merfolk javelineers (Shoals:1)
  A great orb of eyes (Vaults:1)
  A rakshasa (Vaults:2)
  7 naga warriors
  A vault guard (D:14)
  2 centaur warriors
  A boulder beetle (Lair:6)
  A hydra (Lair:6)
  2 merfolk avatars
  A death knight (Vaults:1)
  2 catoblepae
  2 merfolk aquamancers
  A satyr (Shoals:4)
  A deep troll shaman (Lair:6)
  5 two-headed ogres
  4 anacondas
  A death yak (Shoals:2)
  2 ogre magi
  5 naga sharpshooters
  3 deep elf knights (Vaults:1)
  3 shock serpents
  A salamander mystic (Snake:2)
  2 sea snakes
  2 unseen horrors (D:15)
  A glowing orange brain (Vaults:1)
  A deep elf archer (Vaults:1)
  3 naga ritualists
  An obsidian statue (Vaults:1)
  A wizard (D:14)
  11 harpies
  4 mana vipers
  4 deep elf magi
  A necromancer (D:14)
  3 ironbrand convokers (Vaults:1)
  11 ugly things
  8 fauns
  2 orc knights
  An orc sorcerer (Orc:2)
  6 cyclopes
  A manticore (Shoals:4)
  4 salamanders
  2 moths of wrath (Shoals:1)
  10 elephants
  3 merfolk sirens
  Maurice (D:8)
  A water nymph (Shoals:1)
  2 vault sentinels (Vaults:1)
  14 black mambas
  8 naga magi
  A gargoyle (D:15)
  6 guardian serpents
  4 molten gargoyles (Volcano)
  6 cane toads
  A kobold demonologist (D:14)
  2 efreet (Volcano)
  12 yaktaurs
  5 komodo dragons
  4 trolls
  A tengu conjurer (D:15)
  A slime creature (shapeshifter) (D:14)
  2 merfolk
  A wind drake (Shoals:1)
  2 hornets
  4 snapping turtles
  2 hornets (shapeshifter)
  Prince Ribbit (D:7)
  3 slime creatures
  4 dream sheep
  6 blink frogs
  7 yaks
  4 wyverns
  4 water elementals
  10 fire elementals
  9 humans (D:14)
  A wraith (Shoals:1)
  2 basilisks
  3 vampire mosquitoes (D:11)
  6 wargs
  A soldier ant (D:15)
  An acid dragon (D:11)
  24 nagas
  A hell hound (D:15)
  12 water moccasins
  7 orc warriors
  An eye of draining (D:15)
  A black bear (D:7)
  3 sky beasts
  A phantom (D:4)
  11 ogres
  5 boggarts (Vaults:1)
  16 wolves
  19 centaurs
  7 bullfrogs
  2 earth elementals (Volcano)
  A wyvern skeleton (D:14)
  2 scorpions
  5 killer bees
  14 wights
  A vampire bat (D:4)
  An electric eel (Snake:2)
  2 howler monkeys
  10 hounds
  2 jellies
  7 orc priests
  8 orc wizards
  2 bullfrog skeletons
  Terence (D:3)
  4 iguanas
  3 worker ants
  A hound skeleton (D:9)
  2 worker ant zombies
  3 gnolls
  A howler monkey skeleton (D:5)
  16 adders
  2 shadow imps (D:5)
  3 white imps
  An ooze (D:3)
  An adder skeleton (D:4)
  A dart slug (D:5)
  3 fire bats (D:4)
  5 leopard geckos
  26 orcs
  2 spectral bats (D:4)
  A ball python (Snake:3)
  13 bats
  3 bat skeletons (D:4)
  A bat zombie (D:4)
  5 giant cockroaches
  3 goblins
  3 hobgoblins
  14 jackals
  6 kobolds (D:1)
  A bat simulacrum (D:4)
  5 frilled lizards
  A jackal skeleton (D:6)
  2 leopard gecko skeletons (D:4)
  A quokka zombie (D:9)
  7 rats
  A tentacle (Shoals:4)
594 creatures vanquished.

Vanquished Creatures (collateral kills)
  Jorgrun (Shoals:2)
  Kirke (Shoals:4)
  A kraken (Shoals:4)
  Polyphemus (Shoals:2)
  10 nagarajas
  The ghost of archon2 the Scorcher, an adept DEFE of Vehumet (Shoals:3)
  Aizul (Snake:1)
  3 vault wardens
  2 orc warlords
  2 ironheart preservers (Vaults:1)
  Louise (Shoals:1)
  Azrael (D:15)
  A deep elf annihilator (Vaults:1)
  A fire dragon (Vaults:1)
  3 merfolk impalers (Shoals:4)
  Josephine (Shoals:1)
  An ogre mage (Vaults:2)
  A yaktaur captain (Vaults:1)
  Fannar (D:10)
  A vault guard (D:14)
  3 boulder beetles
  9 naga warriors
  9 hydras
  7 two-headed ogres
  6 centaur warriors
  An alligator snapping turtle (Shoals:4)
  30 anacondas
  A satyr (Shoals:2)
  2 merfolk aquamancers
  5 death yaks
  7 shock serpents
  5 naga sharpshooters
  Urug (D:10)
  A salamander mystic (Snake:2)
  3 unseen horrors
  A deep troll (D:15)
  12 sea snakes
  6 naga ritualists
  A wizard (D:14)
  3 deep elf archers
  A necromancer (D:14)
  19 harpies
  4 orc knights
  A wolf spider zombie (D:15)
  4 mana vipers
  A lindwurm (Lair:6)
  10 ugly things
  A deep elf mage (Vaults:1)
  8 salamanders
  A cyclops (Shoals:4)
  3 orc sorcerers
  7 fauns
  8 manticores
  13 elephants
  2 centaur zombies
  10 guardian serpents
  2 vault sentinels
  3 water nymphs
  A merfolk siren (Shoals:3)
  Psyche (D:10)
  23 black mambas
  5 naga magi
  A torpor snail (Lair:5)
  3 rime drakes
  2 gargoyles (D:14)
  4 cane toads
  9 komodo dragons
  5 yaktaurs
  19 merfolk
  5 trolls
  2 tyrant leeches (D:11)
  4 wind drakes
  A polar bear (Lair:6)
  16 blink frogs
  10 slime creatures
  16 dream sheep
  6 snapping turtles
  4 wraiths (Shoals:1)
  16 yaks
  2 vampires (D:11)
  7 water elementals
  5 wyverns
  11 humans (D:14)
  A basilisk (Lair:6)
  4 fire elementals (D:15)
  7 vampire mosquitoes
  28 nagas
  2 wargs
  A hell hound (D:15)
  12 water moccasins
  An ice beast (D:8)
  6 orc warriors
  A phantom (D:11)
  7 ogres
  7 wolves
  19 centaurs
  10 bullfrogs
  A scorpion (D:8)
  3 killer bees
  3 electric eels (D:10)
  5 wights
  3 howler monkeys
  9 hounds
  2 orc priests
  3 centaur skeletons
  2 jellies
  A bullfrog zombie (D:11)
  6 orc wizards
  An iguana (D:14)
  4 adders
  A shadow imp (D:10)
  An adder skeleton (D:9)
  A leopard gecko (D:9)
  5 orcs
  3 jackals (D:10)
  2 ball pythons (Snake:3)
  A bush (Lair:6)
  2 plants
  A tentacle (Shoals:4)
590 creatures vanquished.

Vanquished Creatures (others)
  2 orc warlords
  2 orc high priests
  5 orc knights
  A tengu warrior (D:15)
  A deep elf mage (Vaults:1)
  3 orc sorcerers
  A black mamba (Snake:3)
  10 orc warriors
  2 humans (Shoals:4)
  A centaur (D:14)
  13 orc priests
  18 orc wizards
  42 orcs
  53 fungi
  388 plants
  2 tentacles (Shoals:4)
544 creatures vanquished.

Grand Total: 1728 creatures vanquished

Notes
Turn   | Place    | Note
-------+----------+-------------------------------------------
     0 | D:1      | Exodus22XD the Hill Orc Monk began the quest for the Orb.
     0 | D:1      | Reached XP level 1. HP: 19/19 MP: 1/1
   109 | D:1      | Reached XP level 2. HP: 13/27 MP: 2/2
   666 | D:1      | Reached skill level 1 in Armour
  1062 | D:1      | Reached XP level 3. HP: 33/33 MP: 3/3
  1832 | D:2      | Reached skill level 5 in Axes
  1832 | D:2      | Reached XP level 4. HP: 22/41 MP: 4/4
  2206 | D:2      | Found a burning altar of Makhleb.
  2923 | D:2      | Gained mutation: You are dopey. (Int -2) [potion of
                  | mutation]
  2923 | D:2      | Gained mutation: You possess an exceptional clarity of
                  | mind. [potion of mutation]
  2923 | D:2      | Gained mutation: You are robust. (+10% HP) [potion of
                  | mutation]
  3336 | D:3      | Reached XP level 5. HP: 41/51 MP: 3/5
  3878 | D:3      | Noticed Terence
  3899 | D:3      | Killed Terence
  4587 | D:4      | Reached skill level 5 in Fighting
  4587 | D:4      | Reached skill level 6 in Axes
  4768 | D:4      | Reached XP level 6. HP: 52/61 MP: 6/6
  5418 | D:4      | Noticed a phantom
  5472 | D:4      | Killed a phantom
  5473 | D:4      | Reached XP level 7. HP: 57/67 MP: 5/7
  5887 | D:5      | Entered Level 5 of the Dungeon
  5908 | D:5      | Reached skill level 7 in Axes
  5908 | D:5      | Reached skill level 5 in Armour
  6516 | D:5      | Found a glowing golden altar of the Shining One.
  7060 | D:5      | Reached skill level 8 in Axes
  7060 | D:5      | Reached XP level 8. HP: 62/77 MP: 8/8
  7827 | D:6      | Became a worshipper of Beogh the Brigand
  7827 | D:6      | Reached * piety under Beogh
  7827 | D:6      | Reached ** piety under Beogh
  8022 | D:6      | Reached skill level 1 in Invocations
  8726 | D:6      | Reached skill level 9 in Axes
  9797 | D:7      | Reached XP level 9. HP: 53/75 MP: 11/11
  9925 | D:7      | Found a staircase to the Ecumenical Temple.
 10116 | D:7      | Reached skill level 10 in Axes
 10384 | D:7      | Found Pedor's Book Shoppe.
 10412 | D:7      | Found a white marble altar of Elyvilon.
 10413 | D:7      | Noticed Prince Ribbit
 10569 | D:7      | Killed Prince Ribbit
 10962 | D:8      | Reached *** piety under Beogh
 11172 | D:8      | Noticed Maurice
 11189 | D:8      | Killed Maurice
 11190 | D:8      | Reached skill level 11 in Axes
 11402 | D:8      | Found a glowing silver altar of Zin.
 11413 | D:8      | Found a hazy altar of Hepliaklqana.
 11423 | D:8      | Reached skill level 5 in Invocations
 12522 | D:8      | Reached XP level 10. HP: 74/96 MP: 14/14
 12905 | D:9      | Reached skill level 12 in Axes
 13074 | D:9      | Noticed a two-headed ogre
 13081 | D:9      | Killed a two-headed ogre
 13313 | D:9      | Noticed a two-headed ogre
 13324 | D:9      | Killed a two-headed ogre
 13389 | D:9      | Gained Wargrak as an ally
 13935 | D:10     | Entered Level 10 of the Dungeon
 13967 | D:10     | Your ally Wargrak died
 13994 | D:10     | Killed an unseen horror
 13994 | D:10     | Reached **** piety under Beogh
 13994 | D:10     | Gained Ortolf as an ally
 14171 | D:10     | Reached skill level 1 in Shields
 14190 | D:10     | Found a staircase to the Lair.
 14200 | D:10     | Noticed Fannar
 14447 | D:10     | Noticed Psyche
 14455 | D:10     | Killed Psyche
 14456 | D:10     | Reached skill level 13 in Axes
 14480 | D:10     | Noticed Urug
 14496 | D:10     | Killed Urug
 14810 | D:10     | Found a sparkling altar of Nemelex Xobeh.
 14848 | D:10     | Killed an unseen horror
 14849 | D:10     | Reached XP level 11. HP: 82/106 MP: 16/16
 15453 | D:10     | Killed Fannar
 15454 | D:10     | Reached skill level 10 in Armour
 15646 | D:11     | Found a staircase to the Orcish Mines.
 16851 | D:11     | Reached ***** piety under Beogh
 17505 | D:11     | Noticed a purple ugly thing
 17512 | D:11     | Killed a purple ugly thing
 17577 | D:11     | Found the +12 Vampire's Tooth {vamp}
 17854 | D:12     | Noticed a two-headed ogre
 17855 | D:12     | Noticed a two-headed ogre
 17859 | D:12     | Noticed an ogre mage
 17865 | D:12     | HP: 4/106 [two-headed ogre/+0 giant spiked club (15)]
 17867 | D:12     | Killed a two-headed ogre
 18283 | D:13     | Found Nuzir's Jewellery Emporium.
 18304 | D:13     | Reached skill level 5 in Shields
 18342 | D:13     | Killed an unseen horror
 18343 | D:13     | Reached skill level 14 in Axes
 18886 | D:13     | Reached skill level 10 in Fighting
 19263 | D:13     | Noticed a cyclops
 19272 | D:13     | Killed a cyclops
 19992 | D:14     | Noticed a brown ugly thing
 19993 | D:14     | Noticed a brown ugly thing
 19993 | D:14     | Noticed a brown ugly thing
 19993 | D:14     | Noticed a brown ugly thing
 19998 | D:14     | Killed a brown ugly thing
 19999 | D:14     | Reached XP level 12. HP: 111/116 MP: 18/18
 20001 | D:14     | Noticed a centaur warrior
 20010 | D:14     | Noticed a two-headed ogre
 20021 | D:14     | Killed a centaur warrior
 20021 | D:14     | Gained Brunolf as an ally
 20025 | D:14     | Killed a two-headed ogre
 20408 | D:14     | Noticed a centaur warrior
 20410 | D:14     | Noticed a seven-headed hydra
 20416 | D:14     | Killed a centaur warrior
 20420 | D:14     | Killed an eight-headed hydra
 20442 | D:14     | Reached skill level 15 in Axes
 20480 | D:14     | Got a jewelled chain mail
 20491 | D:14     | Identified the +3 chain mail of Iblisoro {Str+3} (You found
                  | it on level 14 of the Dungeon)
 20803 | D:14     | Noticed a centaur warrior
 20805 | D:14     | Noticed a boulder beetle
 20811 | D:14     | Killed a centaur warrior
 20820 | D:14     | Killed a boulder beetle
 21019 | D:14     | Found a white marble altar of Elyvilon.
 21368 | D:14     | Reached skill level 10 in Invocations
 21627 | D:14     | Gained Bogbrand as an ally
 21628 | D:14     | Reached XP level 13. HP: 111/127 MP: 20/20
 21748 | D:14     | Found a gate to the Vaults.
 21748 | D:14     | Noticed a vault guard
 21748 | D:14     | Noticed a vault guard
 21752 | D:14     | Killed a vault guard
 21758 | D:14     | Killed a vault guard
 21908 | D:15     | Entered Level 15 of the Dungeon
 22127 | D:15     | Found a staircase to the Depths.
 22130 | D:15     | Noticed an ettin
 22134 | D:15     | Killed an ettin
 22163 | D:15     | Reached skill level 16 in Axes
 22173 | D:15     | Identified 2 scrolls of acquirement
 22174 | D:15     | Acquired 555 gold pieces
 22175 | D:15     | Acquired the amulet "Akewkiuf" {Reflect rC+ Int+2 SH+5}
 22325 | D:15     | Reached ****** piety under Beogh
 22473 | D:15     | Noticed Azrael
 22483 | D:15     | Your ally Brunolf died
 22490 | D:15     | Killed Azrael
 22491 | D:15     | Your ally Ortolf died
 23453 | Orc:1    | Entered Level 1 of the Orcish Mines
 23453 | Orc:1    | Found a roughly hewn altar of Beogh.
 23453 | Orc:1    | Found Dextuw's Antique Weapon Boutique.
 23803 | Orc:1    | You fall into a shaft and drop 1 floor!
 23803 | Orc:2    | Entered Level 2 of the Orcish Mines
 23803 | Orc:2    | Noticed a stone giant
 23826 | Orc:2    | Killed a stone giant
 23827 | Orc:2    | Reached skill level 10 in Shields
 23867 | Orc:2    | Reached XP level 14. HP: 40/137 MP: 22/22
 24183 | Orc:1    | Noticed an orc warlord
 24199 | Orc:1    | Killed an orc warlord
 24238 | Orc:1    | Found Nus Vioq's Jewellery Emporium.
 24612 | Orc:2    | Noticed an orc warlord
 24633 | Orc:2    | Killed an orc warlord
 24672 | Orc:2    | Found a staircase to the Elven Halls.
 24694 | Orc:2    | Found Dubron Teimm's Gadget Emporium.
 24694 | Orc:2    | Found Seochoug's Magic Scroll Emporium.
 24698 | Orc:2    | Found Guinigus's Assorted Antiques.
 24700 | Orc:2    | Found Louru's Book Shoppe.
 25326 | Orc:2    | Bought a scroll of identify for 30 gold pieces
 25326 | Orc:2    | Bought a scroll of identify for 30 gold pieces
 25330 | Orc:2    | Bought a scroll of identify for 30 gold pieces
 25435 | Orc:1    | Bought a smoking glaive for 356 gold pieces
 25511 | Orc:1    | Bought the ring "Peameuw" {rPois rC+} for 543 gold pieces
 25573 | Orc:1    | Identified the cursed +1 glaive of Tuqaum {protect, *Rage
                  | +Inv Dex+8 Stlth-} (You bought it in a shop on level 1 of
                  | the Orcish Mines)
 25907 | Lair:1   | Entered Level 1 of the Lair of Beasts
 26668 | Lair:1   | Got a translucent whip
 26683 | Lair:1   | Identified the +6 whip "Lupuokh" {pain, rPois Will++ Str+3
                  | Int-5} (You found it on level 1 of the Lair of Beasts)
 27848 | Lair:3   | Gained Ognian as an ally
 27978 | Lair:3   | Identified the Incunabulum of Igneous Poisoning
 28460 | Lair:4   | Found a staircase to the Snake Pit.
 28507 | Lair:4   | Found a staircase to the Shoals.
 28942 | Lair:5   | Found a staircase to the Slime Pits.
 29075 | Lair:5   | Gained Spirok as an ally
 29262 | Lair:5   | Reached XP level 15. HP: 112/147 MP: 24/24
 29290 | Lair:5   | Acquired the -1 pair of boots of Birdsong {rN+ Int+4}
 29330 | Lair:5   | Found a runed translucent door.
 29330 | Lair:5   | Found a shimmering altar of Xom.
 29330 | Lair:5   | Noticed Darubir's ghost (journeyman CeAM)
 29628 | Lair:6   | Entered Level 6 of the Lair of Beasts
 29905 | Lair:6   | Found a dark tunnel.
 29933 | Volcano  | Entered a volcano
 30661 | Lair:6   | Reached skill level 17 in Axes
 30703 | Lair:6   | Got a crystal great sword
 31045 | Lair:6   | Reached skill level 1 in Maces & Flails
 31231 | Lair:6   | Gained Harm as an ally
 31845 | Shoals:1 | Entered Level 1 of the Shoals
 31849 | Shoals:1 | Noticed Josephine
 31862 | Shoals:1 | Killed Josephine
 31862 | Shoals:1 | Gained Gorbash as an ally
 31864 | Shoals:1 | Found Qovoonuf's Book Emporium.
 32469 | Shoals:1 | Found a transporter.
 32471 | Shoals:1 | Identified the +4 trident "Ynodeubrud" {vorpal, *Noise rF+
                  | Dex+4}
 32475 | Shoals:1 | Noticed Woutahasch's ghost (journeyman HOFi)
 32477 | Shoals:1 | Found a bloodstained altar of Trog.
 32537 | Shoals:1 | Identified the +8 trident of Mizeb {antimagic, rC++ Will+}
 32574 | Shoals:1 | Found a transporter.
 32729 | Shoals:1 | Noticed Louise
 32739 | Shoals:1 | Killed Louise
 32922 | Shoals:2 | Noticed Polyphemus
 32933 | Shoals:2 | Killed Polyphemus
 33278 | Shoals:2 | Identified the cursed +1 great sword of Voqishax {vorpal,
                  | +Rage Will- Str+8 Stlth-} (You found it on level 6 of the
                  | Lair of Beasts)
 33335 | Shoals:2 | Noticed Jorgrun
 33343 | Shoals:2 | Reached XP level 16. HP: 65/158 MP: 25/25
 33344 | Shoals:2 | Killed Jorgrun
 33931 | Shoals:3 | Found a runed translucent door.
 33933 | Shoals:3 | Noticed archon2's ghost (adept DEFE)
 33946 | Shoals:3 | Killed archon2's ghost
 33953 | Shoals:3 | Got a brightly glowing bronze ring
 33955 | Shoals:3 | Identified the ring of Simococ {rPois Int+7} (You found it
                  | on level 3 of the Shoals)
 34438 | Shoals:4 | Entered Level 4 of the Shoals
 34460 | Shoals:4 | Reached skill level 15 in Shields
 34810 | Shoals:4 | Reached skill level 15 in Armour
 34824 | Shoals:4 | Gained Wulfoc as an ally
 34835 | Shoals:4 | Your ally Wulfoc died
 35288 | Shoals:4 | Noticed Kirke
 35300 | Shoals:4 | Killed Kirke
 35626 | Shoals:4 | Got a barnacled rune of Zot
 35709 | Shoals:4 | Noticed a kraken
 35719 | Shoals:4 | Killed a kraken
 36316 | Shoals:1 | Killed Woutahasch's ghost
 36317 | Shoals:1 | Identified The Last Incunabulum of the Archmage
 36329 | Shoals:1 | Got a spiked hat
 36341 | Shoals:1 | Identified the +2 hat of Fortification {Dex+6} (You found
                  | it on level 1 of the Shoals)
 36643 | Snake:1  | Entered Level 1 of the Snake Pit
 36657 | Snake:1  | Reached XP level 17. HP: 144/167 MP: 27/27
 36657 | Snake:1  | Gained Bladwarg as an ally
 37262 | Snake:1  | Found an ornate altar of the Wu Jian Council.
 37321 | Snake:1  | Identified the +11 long sword of the Mouth {vorpal, Str+4}
 37562 | Snake:1  | Found Waodomiggo's Antique Armour Emporium.
 37566 | Snake:1  | Found Wekk's Antique Weapon Shoppe.
 37568 | Snake:1  | Found Plog's Armour Emporium.
 37590 | Snake:1  | Bought a steaming plate armour for 924 gold pieces
 37601 | Snake:1  | Identified the +1 plate armour of Salvation {rPois rF-
                  | Will+ Int+5} (You bought it in a shop on level 1 of the
                  | Snake Pit)
 37602 | Snake:1  | Bought a pair of shimmering gloves for 313 gold pieces
 37614 | Snake:1  | Identified the +0 pair of gloves of Spite {Str+5} (You
                  | bought it in a shop on level 1 of the Snake Pit)
 37683 | Snake:1  | Noticed Aizul
 37692 | Snake:1  | Killed Aizul
 37693 | Snake:1  | Reached skill level 18 in Axes
 38693 | Snake:2  | Found Jyetuk's Weapon Shoppe.
 38709 | Snake:2  | Gained Bogbarth as an ally
 39198 | Snake:3  | Found a runed translucent gate.
 39198 | Snake:3  | Found a runed translucent gate.
 39198 | Snake:3  | Found a runed translucent gate.
 40429 | Snake:4  | Entered Level 4 of the Snake Pit
 40532 | Snake:4  | Reached skill level 15 in Invocations
 40631 | Snake:4  | Reached XP level 18. HP: 133/177 MP: 13/29
 41207 | Snake:4  | Identified the +4 halberd "Samei" {flame, *Contam rElec
                  | rPois MP+9}
 41558 | Snake:4  | Reached skill level 19 in Axes
 41629 | Snake:4  | Reached skill level 15 in Fighting
 41637 | Snake:4  | Your ally Bogbarth died
 42038 | Snake:4  | Got a serpentine rune of Zot
 43585 | Vaults:1 | Entered Level 1 of the Vaults
 43710 | Vaults:1 | Found Ceymmi's General Store.
 44280 | Vaults:1 | Gained Gorg as an ally
 45239 | Vaults:1 | Reached XP level 19. HP: 187/187 MP: 30/30
 45861 | Vaults:2 | Your ally Gorg died
 45873 | Vaults:2 | Reached skill level 20 in Axes
 45877 | Vaults:2 | Noticed Margery
 45883 | Vaults:2 | Killed from afar by Margery

Illustrated notes

Levels and vault maps discovered:
D:1:      tarquinn_simple_flora_water_f, layout_loops_corners
D:2:      layout_basic, general_overflow_altar, minmay_cupped
D:3:      layout_loops_corners, chequers_jeans, chequers_serial_rivers_small_3,
          uniq_terence
D:4:      layout_loops_ring, serial_aquarium, aquarium_bridge_straight
          [aquarium_subvault_bridge, aquarium_subvault_balcony,
          aquarium_subvault_bridge, aquarium_subvault_wall], aquarium_window_1,
          aquarium_window_corridor_3, aquarium_view_2b, aquarium_view_2e,
          goddamned_bats
D:5:      layout_gridville, tso_metal_star
D:6:      layout_gridville, minmay_hedge_maze
D:7:      layout_basic, minmay_temple_entry_butterflies, basic_altar,
          serial_shops, kennysheep_mini, uniq_prince_ribbit1
D:8:      layout_loops_ring, grunt_temple_overflow_open, uniq_maurice
D:9:      layout_roguey, minmay_misc_feat_tiny
D:10:     layout_basic, erik_lair_island, nemelex_xobeh_ov_fountains_minmay,
          uniq_psyche, uniq_fannar, uniq_urug
D:11:     layout_loops_corners, david_orc_3,
          minmay_guarded_unrand_vampires_tooth
D:12:     layout_rooms, gauntlet_entry_generic, minmay_tree_intersection
D:13:     layout_gridville, serial_shops, nicolae_shop_behind_doors
D:14:     layout_cave_pools, grunt_vaults_entry_tiered, elyvilon_altar_5,
          minivault_26, hangedman_corner_corridor
D:15:     hangedman_depths_entry_civil_slaughter, layout_loops_ring,
          serial_bayou_lagoon_a, uniq_azrael
Lair:1:   layout_cave_pods, minmay_lair_oklob_chamber,
          infiniplex_staircase_pool_2, serial_bayou_shore_b
Lair:2:   layout_cave_pods
Lair:3:   layout_hall_layers, grunt_megastairs_2
Lair:4:   layout_cave_pods, minmay_shoals_entry_hut,
          guppyfry_snake_entry_garden, small_statue_intersection,
          nicolae_quartered_pool_little
Lair:5:   layout_hall_layers, slime_dummy, ebering_ghost_xom, lookout_lair_type
Lair:6:   grunt_lair_end_beastmaster, layout_cave_pods, enter_volcano_1,
          minmay_shattered_shrine
Shoals:1: layout_shoals, serial_shops, nicolae_shop_statue_plus,
          gammafunk_ghost_wrathful_warriors, uniq_louise, uniq_josephine
Shoals:2: layout_shoals, uniq_polyphemus, uniq_jorgrun
Shoals:3: layout_shoals, ebering_ghost_reflecting_pool
Shoals:4: shoals_end_grunt_garden, layout_shoals, uniq_kirke
Snake:1:  layout_misc_corridors, basic_altar, minmay_shop_star, uniq_aizul
Snake:2:  layout_cave_pods, serial_shops, shop, serial_bayou_shore_b,
          grunt_megastairs_4, serial_bayou_shore_a
Snake:3:  layout_concentric_octagons, grunt_ministairs_14, serial_bayou_pond_d,
          hangedman_snake_pattern, nicolae_snake_horde_hoard
Snake:4:  grunt_snake_rune_serpentine_throne, layout_cave_town,
          hangedman_snake_thin_pillar_pass, grunt_megastairs_3
Orc:1:    layout_caves, basic_altar, serial_shops, shop, shop
Orc:2:    st_orc_mages, layout_caves, nicolae_orc_pool_cavern
Vaults:1: v_misc_1, v_misc_2, nicolae_vaults_shelves_hall,
          nicolae_vaults_network_quinsquares
          [nicolae_vaults_network_quincunx_subvault,
          nicolae_vaults_network_quincunx_subvault,
          nicolae_vaults_network_quincunx_subvault,
          nicolae_vaults_network_quincunx_subvault],
          nicolae_vaults_inception_scallops, nicolae_vaults_statue_guard,
          hangedman_vaults_stitches, v_misc_10, ontoclasm_vaults_tryst,
          vaults_mumra_lcd, nicolae_vaults_specimen_jars,
          ontoclasm_vaults_ligature, grunt_vaults_twisty,
          ontoclasm_vaults_loading_screen, nicolae_vaults_circle_grid_a,
          vaults_room_stairs_pillars, grunt_vaults_focal,
          layout_vaults_maze_snakey, serial_shops,
          nicolae_shop_temple_entry_statues_fountains
Vaults:2: vaults_dpeg_cross, vaults_dpeg_diagonal, ontoclasm_vaults_pinch,
          vaults_room_grid, v_misc_23, hangedman_vaults_trim, v_misc_26,
          nicolae_vaults_asterisk, vaults_room_stairs_pillars,
          nicolae_vaults_little_squares_1, layout_vaults_quadrants, uniq_jory,
          uniq_margery

Skill      XL: |  1  2  3  4  5  6  7  8  9 10 11 12 13 14 15 16 17 18 19 |
---------------+----------------------------------------------------------+-----
Fighting       | 4 5 6 8 9 10 11 12 13 14 15 | 15.5
Armour         | 1 2 3 4 5 7 8 9 10 11 12 13 14 15 16 | 16.8
Axes           | 5 6 8 9 11 13 14 15 16 17 18 19 20 | 20.0
Invocations    | 2 5 7 8 10 11 12 13 14 15 16 | 16.2
Shields        | 2 5 7 10 12 14 16 17 18 | 18.9
Maces & Flails | 1 |  1.5
Dodging        | |  2.4
Stealth        | |  1.5
Evocations     | |  0.8

Action                   |  1- 3 |  4- 6 |  7- 9 | 10-12 | 13-15 | 16-18 | 19-21 || total
-------------------------+-------+-------+-------+-------+-------+-------+-------++-------
Melee: Hand axe          |    94 |   113 |       |       |       |       |       ||   207
       War axe           |       |   121 |   363 |   447 |   839 |   172 |       ||  1942
       Trident           |       |       |       |     3 |       |       |       ||     3
       Whip              |       |       |       |       |    42 |       |       ||    42
       Broad axe         |       |       |       |       |       |   712 |   104 ||   816
Invok: Convert to Beogh  |       |       |     1 |       |       |       |       ||     1
       Recall Orcish Fol |       |       |       |     3 |    21 |     9 |       ||    33
       Resurrection      |       |       |       |       |     2 |     2 |       ||     4
       Give Item to Name |       |       |       |       |     5 |     2 |       ||     7
       Stop Recall       |       |       |       |       |     6 |     3 |       ||     9
       Smiting           |       |       |       |       |       |     2 |       ||     2
Evoke: Wand              |       |       |     3 |     2 |       |     2 |       ||     7
  Use: Potion            |     1 |     1 |     2 |     8 |     7 |    20 |     3 ||    42
       Scroll            |     1 |     4 |     6 |    11 |    18 |    11 |     1 ||    52
 Stab: Sleeping          |       |     1 |       |       |       |       |       ||     1
       Distracted        |       |       |       |     3 |     9 |    14 |     4 ||    30
       Invisible         |       |       |       |    12 |     7 |    15 |       ||    34
       Paralysed         |       |       |       |       |     1 |     3 |       ||     4
       Confused          |       |       |       |       |     1 |       |       ||     1
       Petrified         |       |       |       |       |     6 |       |       ||     6
       Fleeing           |       |       |       |       |       |     1 |       ||     1
Armor: Robe              |     9 |       |       |       |       |       |       ||     9
       Ring mail         |    25 |   125 |   132 |   145 |       |       |       ||   427
       Plate armour      |       |       |       |    44 |       |       |       ||    44
       Chain mail        |       |       |       |    23 |   343 |   284 |    63 ||   713
Dodge: Dodged            |    72 |   210 |   206 |   151 |   184 |   199 |    73 ||  1095
Block: Kite shield       |       |       |       |   201 |   701 |   863 |   149 ||  1914
       Reflection        |       |       |       |       |    47 |   108 |     4 ||   159
